Winnipeg Jets vs Calgary Flames
(R1)
Created - Sunday, June 11, 2023 at 07:52
Goals
|
| Winnipeg Jets |
1 |
0 |
0 |
1 |
| Calgary Flames |
1 |
0 |
3 |
4 |
|
Shots
|
| Winnipeg Jets |
13 |
9 |
8 |
30 |
| Calgary Flames |
19 |
10 |
11 |
40 |
|
1st period
1. Winnipeg Jets , Connor McDavid 30 (Ryan Nugent-Hopkins 39) at 14:31 (PP)
2. Calgary Flames , Joel Eriksson Ek 17 (Zach Hyman 43, Timo Meier 27) at 17:14 (PP)
Penalties :
Jeff Petry (CGY) for Roughing (Minor) at 8:42, Drew Doughty (CGY) for Holding (Minor) at 13:42, Mark Borowiecki (WPG) for Holding (Minor) at 16:38, Tyler Toffoli (WPG) for Hooking (Minor) at 19:06
2nd period
No Goal
Penalties :
John Klingberg (WPG) for Cross-checking (Minor) at 1:28, Eeli Tolvanen (WPG) for Diving (Minor) at 14:36, Timo Meier (CGY) for Interference (Minor) at 18:01
3rd period
3. Calgary Flames , J.T. Miller 36 (Ryan Ellis 19, Logan Couture 28) at 1:24 (PP)
4. Calgary Flames , J.T. Miller 37 (Logan Couture 29, Valeri Nichushkin 32) at 2:14 (PP)
5. Calgary Flames , Joel Eriksson Ek 18 (Ryan Ellis 20, Logan Couture 30) at 5:29
Penalties :
Nick Suzuki (WPG) for Hooking (Minor) at 1:05, Brandon Montour (WPG) for Tripping (Minor) at 1:48, Kevin Shattenkirk (WPG) for Interference (Minor) at 8:34, Mark Borowiecki (WPG) for Roughing (Minor) at 16:24
Goalie Stats
Jake Allen (WPG), 36 saves from 40 shots - (0.900), L, 6-14-6, 60:00 minutes
Sam Montembeault (CGY), 29 saves from 30 shots - (0.967), W, 9-9-2, 60:00 minutes
Players Stats for Winnipeg Jets
Player Name G A P +/- PIM S H SB GA TA FO MP PP MP PK MP
------------------------------------------------------------------------------------
Andrew Cogliano 0 0 0 0 0 1 0 1 0 2 0/1 13:21 0:00 5:48
Barclay Goodrow 0 0 0 0 0 0 0 0 0 0 6/11 13:21 0:00 5:48
Brandon Montour 0 0 0 -1 2 2 0 2 0 0 0/0 24:12 2:26 5:25
Calen Addison 0 0 0 0 0 0 0 0 0 1 0/0 18:41 0:00 5:25
Connor McDavid 1 0 1 0 0 7 1 1 0 0 10/22 16:36 2:23 0:00
Dante Fabbro 0 0 0 0 0 0 1 0 0 1 0/0 20:34 2:21 2:54
Eeli Tolvanen 0 0 0 0 2 1 2 0 0 0 0/0 8:30 0:00 0:12
Joe Pavelski 0 0 0 0 0 3 1 0 0 0 0/0 16:36 2:23 0:00
John Klingberg 0 0 0 0 2 1 1 2 0 0 0/0 15:51 2:26 0:00
Kevin Shattenkirk 0 0 0 -1 2 2 1 3 0 3 0/0 24:08 2:21 4:32
Lucas Raymond 0 0 0 0 0 0 0 0 0 0 0/0 9:51 0:00 0:12
Mark Borowiecki 0 0 0 0 4 0 3 0 0 1 0/0 17:23 0:00 4:16
Mark Stone 0 0 0 -1 0 2 0 0 0 0 0/0 20:12 2:24 5:16
Mathew Barzal 0 0 0 0 0 0 2 0 1 0 0/0 9:12 0:00 0:00
Matty Beniers 0 0 0 0 0 2 2 0 0 0 2/7 9:12 0:00 0:00
Nick Suzuki 0 0 0 -1 2 2 2 0 1 2 9/19 20:11 2:24 5:16
Ryan Nugent-Hopkins 0 1 1 0 0 4 1 0 0 1 0/1 16:36 2:23 0:00
Tyler Toffoli 0 0 0 -1 2 3 0 1 0 0 1/1 14:09 2:24 0:00
Players Stats for Calgary Flames
Player Name G A P +/- PIM S H SB GA TA FO MP PP MP PK MP
------------------------------------------------------------------------------------
Drew Doughty 0 0 0 0 2 1 3 1 1 0 0/0 23:31 5:29 2:39
Garnet Hathaway 0 0 0 0 0 0 0 0 0 0 0/1 9:32 0:13 0:00
J.T. Miller 2 0 2 0 0 7 1 1 1 0 14/22 18:09 5:39 0:00
Jeff Petry 0 0 0 0 2 5 2 1 1 0 0/0 23:19 5:29 1:38
Joel Eriksson Ek 2 0 2 1 0 4 2 0 0 0 1/5 14:08 5:24 0:00
Kris Russell 0 0 0 0 0 0 0 3 0 0 0/0 15:19 0:00 1:12
Logan Couture 0 3 3 1 0 4 1 1 0 0 7/14 17:55 5:39 3:02
Mathieu Joseph 0 0 0 1 0 0 1 0 0 0 0/0 9:31 0:13 0:41
Max Pacioretty 0 0 0 0 0 0 2 1 0 0 0/0 12:34 0:13 0:00
Nic Dowd 0 0 0 0 0 0 0 0 0 0 1/3 10:16 0:00 0:54
Oskar Lindblom 0 0 0 0 0 2 1 0 2 0 0/0 9:19 0:00 0:00
Ryan Ellis 0 2 2 1 0 2 1 0 1 1 0/0 20:13 5:47 0:00
Ryan McDonagh 0 0 0 0 0 1 1 1 0 0 0/0 16:15 0:00 2:11
Sebastian Aho 0 0 0 0 0 3 0 1 2 0 9/15 14:28 0:00 1:32
Timo Meier 0 1 1 0 2 4 1 0 2 0 1/1 18:16 5:24 0:00
Travis Sanheim 0 0 0 1 0 1 3 2 0 0 0/0 21:24 5:47 1:54
Valeri Nichushkin 0 1 1 0 0 3 2 0 0 1 1/1 19:09 5:39 0:25
Zach Hyman 0 1 1 0 0 3 1 0 1 0 0/0 21:52 5:24 3:00
3 Stars
1 - Joel Eriksson Ek (CGY)
2 - J.T. Miller (CGY)
3 - Sam Montembeault (CGY)
Power Play
Winnipeg Jets - 1 on 3 Attempt(s) - 33.33%
Calgary Flames - 3 on 8 Attempt(s) - 37.50%
Penalty Kill
Winnipeg Jets - 5 on 8 Attempt(s) - 62.50%
- Score 0 goal in Penalty Kill
Calgary Flames - 2 on 3 Attempt(s) - 66.67%
- Score 0 goal in Penalty Kill
Team Stat
Winnipeg Jets - Hits : 17 - Faceoff Wins : 28 - Blocked Shots : 10 - Penalty Minutes : 16
Calgary Flames - Hits : 22 - Faceoff Wins : 34 - Blocked Shots : 12 - Penalty Minutes : 6
Official
Referees : Greg Kimmerly and Kelly Sutherland
Linesman : Unknown
Game Notes
7:32 of 1st period - Calgary Flames goal is going for a video replay. After video review, No Goal. The goal has been scored and an ineligible player is on the ice.
Finance
Level 1 -- Attendance: 5020 (83.67%) -- Ticket Income $502,000
Level 2 -- Attendance: 3869 (77.38%) -- Ticket Income $232,140
Level 3 -- Attendance: 2384 (79.47%) -- Ticket Income $83,440
Level 4 -- Attendance: 3827 (76.54%) -- Ticket Income $95,675
Luxury Box -- Attendance: 802 (80.20%) -- Ticket Income $160,400
Game was played at the Scotiabank Saddledome.
Total Attendance: 15902 (79.51%)
Total Ticket Income: $1,073,655
Other Income: $375,779
Total Income: $1,449,434
Winnipeg Jets
5 vs 5 Forward
Center Left Wing Right Wing Time % Phy DF OF
1 Connor McDavid Ryan Nugent-Hopkins Joe Pavelski 35 1 2 2
2 Nick Suzuki Tyler Toffoli Mark Stone 30 1 2 2
3 Matty Beniers Mathew Barzal Lucas Raymond 25 1 2 2
4 Barclay Goodrow Andrew Cogliano Eeli Tolvanen 10 1 2 2
5 vs 5 Defense
Defense Defense Time % Phy DF OF
1 Brandon Montour Kevin Shattenkirk 35 1 2 2
2 John Klingberg Dante Fabbro 35 1 2 2
3 Calen Addison Mark Borowiecki 30 1 2 2
4 Brandon Montour Dante Fabbro 0 1 2 2
PowerPlay Forward
Center Left Wing Right Wing Time % Phy DF OF
1 Connor McDavid Ryan Nugent-Hopkins Joe Pavelski 50 1 2 2
2 Nick Suzuki Tyler Toffoli Mark Stone 50 1 2 2
PowerPlay Defense
Defense Defense Time % Phy DF OF
1 Brandon Montour John Klingberg 50 1 2 2
2 Dante Fabbro Kevin Shattenkirk 50 1 2 2
Penalty Kill 4 Players Forward
Center Wing Time % Phy DF OF
1 Barclay Goodrow Andrew Cogliano 50 1 2 2
2 Nick Suzuki Mark Stone 50 1 2 2
Penalty Kill 4 Players Defense
Defense Defense Time % Phy DF OF
1 Mark Borowiecki Kevin Shattenkirk 50 1 2 2
2 Brandon Montour Calen Addison 50 1 2 2
Penalty Kill - 3 Players Forward
Forward Time % Phy DF OF
1 Barclay Goodrow 50 1 2 2
2 Ryan Nugent-Hopkins 50 1 2 2
Penalty Kill - 3 Players Defense
Defense Defense Time % Phy DF OF
1 Mark Borowiecki Kevin Shattenkirk 50 1 2 2
2 Dante Fabbro John Klingberg 50 1 2 2
4 vs 4 Forward
Center Wing Time % Phy DF OF
1 Connor McDavid Ryan Nugent-Hopkins 50 1 2 2
2 Joe Pavelski Nick Suzuki 50 1 2 2
4 vs 4 Defense
Defense Defense Time % Phy DF OF
1 Calen Addison John Klingberg 50 1 2 2
2 Brandon Montour Mark Borowiecki 50 1 2 2
Last Minutes Offensive
Center Left Wing Right Wing Defense Defense
Connor McDavid Tyler Toffoli Joe Pavelski Brandon Montour Kevin Shattenkirk
Last Minutes Defensive
Center Left Wing Right Wing Defense Defense
Barclay Goodrow Andrew Cogliano Mark Stone Kevin Shattenkirk Mark Borowiecki
Goaltenders
Starting : Jake Allen
Backup : Chris Driedger
Extra Forwards
Normal : Mathew Barzal, Lucas Raymond, Matty Beniers - PP : Mathew Barzal, Matty Beniers - PK : Eeli Tolvanen
Extra Defensemen
Normal : John Klingberg, Dante Fabbro, Mark Borowiecki - PP : Calen Addison - PK : Dante Fabbro, Calen Addison
Penalty Shots
Connor McDavid, Ryan Nugent-Hopkins, Joe Pavelski, Nick Suzuki, Mark Stone
Calgary Flames
5 vs 5 Forward
Center Left Wing Right Wing Time % Phy DF OF
1 J.T. Miller Max Pacioretty Timo Meier 34 0 0 5
2 Sebastian Aho Zach Hyman Valeri Nichushkin 33 0 0 5
3 Logan Couture Mathieu Joseph Joel Eriksson Ek 25 0 2 3
4 Nic Dowd Oskar Lindblom Garnet Hathaway 8 1 3 1
5 vs 5 Defense
Defense Defense Time % Phy DF OF
1 Drew Doughty Jeff Petry 30 0 3 2
2 Travis Sanheim Ryan Ellis 30 0 3 2
3 Ryan McDonagh Kris Russell 30 0 3 2
4 Drew Doughty Jeff Petry 10 0 3 2
PowerPlay Forward
Center Left Wing Right Wing Time % Phy DF OF
1 J.T. Miller Logan Couture Valeri Nichushkin 50 0 0 5
2 Joel Eriksson Ek Timo Meier Zach Hyman 50 0 0 5
PowerPlay Defense
Defense Defense Time % Phy DF OF
1 Drew Doughty Jeff Petry 50 0 2 3
2 Travis Sanheim Ryan Ellis 50 0 2 3
Penalty Kill 4 Players Forward
Center Wing Time % Phy DF OF
1 Logan Couture Zach Hyman 60 0 4 1
2 Sebastian Aho Mathieu Joseph 40 0 4 1
Penalty Kill 4 Players Defense
Defense Defense Time % Phy DF OF
1 Drew Doughty Jeff Petry 60 1 2 2
2 Travis Sanheim Ryan McDonagh 40 1 2 2
Penalty Kill - 3 Players Forward
Forward Time % Phy DF OF
1 Nic Dowd 60 0 5 0
2 Logan Couture 40 0 5 0
Penalty Kill - 3 Players Defense
Defense Defense Time % Phy DF OF
1 Drew Doughty Jeff Petry 60 1 2 2
2 Travis Sanheim Ryan McDonagh 40 1 2 2
4 vs 4 Forward
Center Wing Time % Phy DF OF
1 Joel Eriksson Ek Max Pacioretty 60 1 2 2
2 Logan Couture Timo Meier 40 1 2 2
4 vs 4 Defense
Defense Defense Time % Phy DF OF
1 Drew Doughty Jeff Petry 60 1 2 2
2 Travis Sanheim Ryan Ellis 40 1 2 2
Last Minutes Offensive
Center Left Wing Right Wing Defense Defense
J.T. Miller Sebastian Aho Zach Hyman Drew Doughty Jeff Petry
Last Minutes Defensive
Center Left Wing Right Wing Defense Defense
J.T. Miller Sebastian Aho Logan Couture Drew Doughty Ryan McDonagh
Goaltenders
Starting : Sam Montembeault
Backup : Thatcher Demko
Extra Forwards
Normal : Max Pacioretty, Mathieu Joseph, Timo Meier - PP : Max Pacioretty, Mathieu Joseph - PK : Nic Dowd
Extra Defensemen
Normal : Ryan McDonagh, Kris Russell, Travis Sanheim - PP : Ryan McDonagh - PK : Kris Russell, Travis Sanheim
Penalty Shots
J.T. Miller, Sebastian Aho, Valeri Nichushkin, Max Pacioretty, Joel Eriksson Ek
% Time on Ice - Winnipeg Jets
Lines # - Real PCT - Wanted PCT - Time Play
Normal Forward
1 - 34% - 35% - 14:45
2 - 29% - 30% - 12:32
3 - 21% - 25% - 9:12
4 - 17% - 10% - 7:28
Normal Defense
1 - 38% - 35% - 16:42
2 - 35% - 35% - 15:25
3 - 26% - 30% - 11:24
4 - 1% - 0% - 0:26
PP Forward
1 - 50% - 50% - 2:23
2 - 50% - 50% - 2:24
PP Defense
1 - 51% - 50% - 2:26
2 - 49% - 50% - 2:21
PK Forward
1 - 53% - 50% - 6:00
2 - 47% - 50% - 5:16
PK Defense
1 - 52% - 50% - 5:51
2 - 48% - 50% - 5:25
PK3 Forward
1 - 0% - 50%
2 - 0% - 50%
PK3 Defense
1 - 0% - 50%
2 - 0% - 50%
44 Forward
1 - 0% - 50%
2 - 0% - 50%
44 Defense
1 - 0% - 50%
2 - 0% - 50%
Last Minute Offensive - 0:00
Last Minute Defensive - 0:00
Total
Forward - 60:00
Defense - 60:00
|
% Time on Ice - Calgary Flames
Lines # - Real PCT - Wanted PCT - Time Play
Normal Forward
1 - 30% - 34% - 12:58
2 - 30% - 33% - 13:03
3 - 20% - 25% - 8:37
4 - 21% - 8% - 9:19
Normal Defense
1 - 30% - 30% - 13:08
2 - 31% - 30% - 13:40
3 - 32% - 30% - 14:04
4 - 7% - 10% - 3:05
PP Forward
1 - 50% - 50% - 5:39
2 - 50% - 50% - 5:37
PP Defense
1 - 49% - 50% - 5:29
2 - 51% - 50% - 5:47
PK Forward
1 - 86% - 60% - 4:06
2 - 14% - 40% - 0:41
PK Defense
1 - 64% - 60% - 3:04
2 - 36% - 40% - 1:43
PK3 Forward
1 - 0% - 60%
2 - 0% - 40%
PK3 Defense
1 - 0% - 60%
2 - 0% - 40%
44 Forward
1 - 0% - 60%
2 - 0% - 40%
44 Defense
1 - 0% - 60%
2 - 0% - 40%
Last Minute Offensive - 0:00
Last Minute Defensive - 0:00
Total
Forward - 60:00
Defense - 60:00
|
Play-by-Play
1st period
0:01 of 1st period - Connor McDavid wins face-off versus J.T. Miller in neutral zone.
0:32 of 1st period - Snap shot by Logan Couture.
0:32 of 1st period - Shot Blocked by John Klingberg.
0:34 of 1st period - Slapshot by Jeff Petry.
0:34 of 1st period - Shot Blocked by John Klingberg.
0:36 of 1st period - Slapshot by Jeff Petry.
0:36 of 1st period - Stopped by Jake Allen with a rebound.
0:38 of 1st period - Slapshot by Jeff Petry.
0:38 of 1st period - Stopped by Jake Allen with a rebound.
0:40 of 1st period - Snap shot by Logan Couture.
0:40 of 1st period - Stopped by Jake Allen with a rebound.
1:21 of 1st period - Slapshot by Valeri Nichushkin.
1:21 of 1st period - Shot Blocked by Andrew Cogliano.
1:23 of 1st period - Snap shot by Valeri Nichushkin.
1:23 of 1st period - Shot Misses the Net.
1:25 of 1st period - Slapshot by Ryan McDonagh.
1:25 of 1st period - Stopped by Jake Allen with a rebound.
1:35 of 1st period - Slapshot by Valeri Nichushkin.
1:35 of 1st period - Shot Misses the Net.
2:17 of 1st period - Snap shot by Eeli Tolvanen.
2:17 of 1st period - Shot Hit the Post.
2:44 of 1st period - Dante Fabbro is hit by Ryan McDonagh and loses puck.
3:01 of 1st period - Wrist shot by Eeli Tolvanen.
3:01 of 1st period - Stopped by Sam Montembeault with a rebound.
3:03 of 1st period - Snap shot by Andrew Cogliano.
3:03 of 1st period - Stopped by Sam Montembeault without a rebound.
3:04 of 1st period - J.T. Miller wins face-off versus Matty Beniers in Calgary Flames zone.
3:11 of 1st period - Wrist shot by J.T. Miller.
3:11 of 1st period - Shot Blocked by Kevin Shattenkirk.
4:17 of 1st period - Matty Beniers is hit by Travis Sanheim and loses puck.
5:09 of 1st period - Garnet Hathaway is hit by Mark Borowiecki and loses puck.
6:05 of 1st period - Oskar Lindblom is hit by Mathew Barzal and loses puck.
6:54 of 1st period - Off-side.
6:55 of 1st period - Barclay Goodrow wins face-off versus Logan Couture in neutral zone.
7:30 of 1st period - Snap shot by Logan Couture.
7:30 of 1st period - Shot Blocked by Tyler Toffoli.
7:32 of 1st period - Wrist shot by Logan Couture.
7:32 of 1st period - Calgary Flames goal is going for a video replay.
7:32 of 1st period - The goal is refused. The goal has been scored and an ineligible player is on the ice..
7:33 of 1st period - J.T. Miller wins face-off versus Connor McDavid in Winnipeg Jets zone.
7:34 of 1st period - Snap shot by Timo Meier.
7:34 of 1st period - Shot Blocked by Kevin Shattenkirk.
7:40 of 1st period - Snap shot by Ryan Nugent-Hopkins.
7:40 of 1st period - Stopped by Sam Montembeault without a rebound.
7:41 of 1st period - Connor McDavid wins face-off versus J.T. Miller in Calgary Flames zone.
8:04 of 1st period - Slapshot by Ryan Nugent-Hopkins.
8:04 of 1st period - Stopped by Sam Montembeault with a rebound.
8:06 of 1st period - Snap shot by Ryan Nugent-Hopkins.
8:06 of 1st period - Stopped by Sam Montembeault with a rebound.
8:08 of 1st period - Wrist shot by Connor McDavid.
8:08 of 1st period - Stopped by Sam Montembeault with a rebound.
8:10 of 1st period - Snap shot by Ryan Nugent-Hopkins.
8:10 of 1st period - Shot Misses the Net.
8:24 of 1st period - Wrist shot by Ryan Nugent-Hopkins.
8:24 of 1st period - Shot Misses the Net.
8:26 of 1st period - Slapshot by Joe Pavelski.
8:26 of 1st period - Stopped by Sam Montembeault without a rebound.
8:27 of 1st period - Matty Beniers wins face-off versus Sebastian Aho in Calgary Flames zone.
8:40 of 1st period - Snap shot by Lucas Raymond.
8:40 of 1st period - Shot Misses the Net.
8:42 of 1st period - Minor Penalty to Jeff Petry for Roughing.
8:43 of 1st period - Connor McDavid wins face-off versus Logan Couture in Calgary Flames zone.
9:09 of 1st period - Drew Doughty is hit by John Klingberg and loses puck.
10:42 of 1st period - Penalty to Jeff Petry is over, Jeff Petry is back on ice.
10:50 of 1st period - Wrist shot by J.T. Miller.
10:50 of 1st period - Stopped by Jake Allen with a rebound.
11:12 of 1st period - Barclay Goodrow is hit by Jeff Petry and loses puck.
11:32 of 1st period - Snap shot by Sebastian Aho.
11:32 of 1st period - Shot Misses the Net.
11:46 of 1st period - Mark Borowiecki is hit by Joel Eriksson Ek and loses puck.
11:57 of 1st period - Snap shot by Max Pacioretty.
11:57 of 1st period - Shot Misses the Net.
12:22 of 1st period - Dante Fabbro is hit by Jeff Petry.
12:48 of 1st period - Tyler Toffoli is hit by J.T. Miller and loses puck.
13:07 of 1st period - Snap shot by Oskar Lindblom.
13:07 of 1st period - Shot Misses the Net.
13:09 of 1st period - Wrist shot by Nic Dowd.
13:09 of 1st period - Shot Misses the Net.
13:27 of 1st period - Snap shot by Matty Beniers.
13:27 of 1st period - Stopped by Sam Montembeault with a rebound.
13:42 of 1st period - Minor Penalty to Drew Doughty for Holding.
13:43 of 1st period - Nick Suzuki wins face-off versus Logan Couture in Calgary Flames zone.
13:50 of 1st period - Snap shot by Nick Suzuki.
13:50 of 1st period - Deflect By Travis Sanheim.
13:50 of 1st period - Stopped by Sam Montembeault without a rebound.
13:51 of 1st period - Logan Couture wins face-off versus Nick Suzuki in Calgary Flames zone.
13:51 of 1st period - Logan Couture is hit by Dante Fabbro.
14:15 of 1st period - Snap shot by Tyler Toffoli.
14:15 of 1st period - Shot Blocked by Logan Couture.
14:17 of 1st period - Slapshot by Kevin Shattenkirk.
14:17 of 1st period - Stopped by Sam Montembeault without a rebound.
14:18 of 1st period - Connor McDavid wins face-off versus Logan Couture in Calgary Flames zone.
14:31 of 1st period - Snap shot by Connor McDavid.
14:31 of 1st period - Goal by Connor McDavid - Winnipeg Jets : 1 - Calgary Flames : 0.
14:32 of 1st period - Nick Suzuki wins face-off versus Sebastian Aho in neutral zone.
14:35 of 1st period - Snap shot by Tyler Toffoli.
14:35 of 1st period - Stopped by Sam Montembeault with a rebound.
14:37 of 1st period - Slapshot by Dante Fabbro.
14:37 of 1st period - Shot Blocked by Travis Sanheim.
14:39 of 1st period - Wrist shot by Nick Suzuki.
14:39 of 1st period - Stopped by Sam Montembeault with a rebound.
14:41 of 1st period - Wrist shot by Tyler Toffoli.
14:41 of 1st period - Shot Blocked by Sebastian Aho.
14:59 of 1st period - John Klingberg is hit by Travis Sanheim and loses puck.
15:32 of 1st period - Wrist shot by Mathew Barzal.
15:32 of 1st period - Shot Misses the Net.
15:48 of 1st period - Wrist shot by Oskar Lindblom.
15:48 of 1st period - Stopped by Jake Allen without a rebound.
15:49 of 1st period - Valeri Nichushkin wins face-off versus Connor McDavid in Winnipeg Jets zone.
16:02 of 1st period - Wrist shot by Sebastian Aho.
16:02 of 1st period - Stopped by Jake Allen with a rebound.
16:04 of 1st period - Wrist shot by Ryan Ellis.
16:04 of 1st period - Stopped by Jake Allen with a rebound.
16:06 of 1st period - Snap shot by Valeri Nichushkin.
16:06 of 1st period - Stopped by Jake Allen with a rebound.
16:16 of 1st period - Joe Pavelski is hit by Mathieu Joseph and loses puck.
16:23 of 1st period - Snap shot by Logan Couture.
16:23 of 1st period - Stopped by Jake Allen with a rebound.
16:25 of 1st period - Snap shot by Joel Eriksson Ek.
16:25 of 1st period - Stopped by Jake Allen without a rebound.
16:26 of 1st period - J.T. Miller wins face-off versus Nick Suzuki in Winnipeg Jets zone.
16:27 of 1st period - Wrist shot by Timo Meier.
16:27 of 1st period - Shot Misses the Net.
16:29 of 1st period - Slapshot by Jeff Petry.
16:29 of 1st period - Stopped by Jake Allen with a rebound.
16:31 of 1st period - Slapshot by Drew Doughty.
16:31 of 1st period - Deflect By J.T. Miller.
16:31 of 1st period - Stopped by Jake Allen with a rebound.
16:38 of 1st period - Minor Penalty to Mark Borowiecki for Holding.
16:39 of 1st period - J.T. Miller wins face-off versus Barclay Goodrow in Winnipeg Jets zone.
17:05 of 1st period - Nick Suzuki is hit by Drew Doughty and loses puck.
17:14 of 1st period - Snap shot by Joel Eriksson Ek.
17:14 of 1st period - Goal by Joel Eriksson Ek - Winnipeg Jets : 1 - Calgary Flames : 1.
17:15 of 1st period - Sebastian Aho wins face-off versus Nick Suzuki in neutral zone.
17:17 of 1st period - Off-side.
17:18 of 1st period - Nick Suzuki wins face-off versus Sebastian Aho in neutral zone.
18:19 of 1st period - Snap shot by Oskar Lindblom.
18:19 of 1st period - Shot Blocked by Connor McDavid.
18:31 of 1st period - Mathieu Joseph is hit by Matty Beniers and loses puck.
18:53 of 1st period - Off-side.
18:54 of 1st period - Sebastian Aho wins face-off versus Nick Suzuki in neutral zone.
19:01 of 1st period - Snap shot by Valeri Nichushkin.
19:01 of 1st period - Stopped by Jake Allen without a rebound.
19:02 of 1st period - J.T. Miller wins face-off versus Nick Suzuki in Winnipeg Jets zone.
19:06 of 1st period - Minor Penalty to Tyler Toffoli for Hooking.
19:07 of 1st period - Joel Eriksson Ek wins face-off versus Andrew Cogliano in Winnipeg Jets zone.
19:07 of 1st period - Snap shot by Zach Hyman.
19:07 of 1st period - Shot Misses the Net.
19:09 of 1st period - Backhand shot by Travis Sanheim.
19:09 of 1st period - Shot Misses the Net.
19:11 of 1st period - Wrist shot by Ryan Ellis.
19:11 of 1st period - Stopped by Jake Allen with a rebound.
19:13 of 1st period - Slapshot by Ryan Ellis.
19:13 of 1st period - Deflect By Timo Meier.
19:13 of 1st period - Shot Misses the Net.
19:13 of 1st period - Puck is out of play.
19:14 of 1st period - Barclay Goodrow wins face-off versus Joel Eriksson Ek in Winnipeg Jets zone.
19:23 of 1st period - Slapshot by Timo Meier.
19:23 of 1st period - Stopped by Jake Allen with a rebound.
19:25 of 1st period - Snap shot by Timo Meier.
19:25 of 1st period - Stopped by Jake Allen without a rebound.
19:26 of 1st period - Nick Suzuki wins face-off versus J.T. Miller in Winnipeg Jets zone.
19:26 of 1st period - Nick Suzuki is hit by Valeri Nichushkin.
19:36 of 1st period - Barclay Goodrow is hit by Logan Couture.
Goals for this period are 1 for Winnipeg Jets vs 1 for Calgary Flames.
Shots for this period are 13 for Winnipeg Jets vs 19 for Calgary Flames.
2nd period
0:01 of 2nd period - Barclay Goodrow wins face-off versus Joel Eriksson Ek in neutral zone.
0:03 of 2nd period - Kevin Shattenkirk is hit by Drew Doughty.
0:05 of 2nd period - Slapshot by Barclay Goodrow.
0:05 of 2nd period - Shot Blocked by Jeff Petry.
0:56 of 2nd period - Snap shot by Zach Hyman.
0:56 of 2nd period - Stopped by Jake Allen with a rebound.
1:06 of 2nd period - Penalty to Tyler Toffoli is over, Tyler Toffoli is back on ice.
1:10 of 2nd period - Slapshot by Joel Eriksson Ek.
1:10 of 2nd period - Deflect By Brandon Montour.
1:10 of 2nd period - Shot Misses the Net.
1:10 of 2nd period - Puck is out of play.
1:11 of 2nd period - Nic Dowd wins face-off versus Connor McDavid in Winnipeg Jets zone.
1:28 of 2nd period - Minor Penalty to John Klingberg for Cross-checking.
1:29 of 2nd period - J.T. Miller wins face-off versus Nick Suzuki in Winnipeg Jets zone.
3:28 of 2nd period - Penalty to John Klingberg is over, John Klingberg is back on ice.
4:01 of 2nd period - Snap shot by Joe Pavelski.
4:01 of 2nd period - Shot Misses the Net.
6:23 of 2nd period - Snap shot by Oskar Lindblom.
6:23 of 2nd period - Stopped by Jake Allen without a rebound.
6:24 of 2nd period - Barclay Goodrow wins face-off versus Nic Dowd in Winnipeg Jets zone.
6:48 of 2nd period - Off-side.
6:49 of 2nd period - Tyler Toffoli wins face-off versus Logan Couture in neutral zone.
7:03 of 2nd period - Slapshot by Logan Couture.
7:03 of 2nd period - Stopped by Jake Allen with a rebound.
7:05 of 2nd period - Slapshot by Jeff Petry.
7:05 of 2nd period - Stopped by Jake Allen with a rebound.
7:39 of 2nd period - Nick Suzuki is hit by Max Pacioretty and loses puck.
8:51 of 2nd period - Wrist shot by Sebastian Aho.
8:51 of 2nd period - Shot Misses the Net.
8:53 of 2nd period - Slapshot by Ryan McDonagh.
8:53 of 2nd period - Deflect By Zach Hyman.
8:53 of 2nd period - Stopped by Jake Allen with a rebound.
9:35 of 2nd period - Joel Eriksson Ek is hit by Eeli Tolvanen and loses puck.
9:56 of 2nd period - Slapshot by Joe Pavelski.
9:56 of 2nd period - Shot Misses the Net.
10:27 of 2nd period - Jeff Petry is hit by Kevin Shattenkirk and loses puck.
10:32 of 2nd period - Wrist shot by Eeli Tolvanen.
10:32 of 2nd period - Shot Hit the Post.
10:49 of 2nd period - Drew Doughty is hit by Ryan Nugent-Hopkins and loses puck.
11:05 of 2nd period - Icing by Jeff Petry.
11:06 of 2nd period - J.T. Miller wins face-off versus Matty Beniers in Calgary Flames zone.
11:17 of 2nd period - Slapshot by Timo Meier.
11:17 of 2nd period - Shot Misses the Net.
11:19 of 2nd period - Slapshot by Jeff Petry.
11:19 of 2nd period - Shot Misses the Net.
11:21 of 2nd period - Wrist shot by J.T. Miller.
11:21 of 2nd period - Stopped by Jake Allen with a rebound.
11:23 of 2nd period - Snap shot by Max Pacioretty.
11:23 of 2nd period - Shot Misses the Net.
11:30 of 2nd period - Icing by Matty Beniers.
11:31 of 2nd period - Sebastian Aho wins face-off versus Matty Beniers in Winnipeg Jets zone.
11:32 of 2nd period - Slapshot by Valeri Nichushkin.
11:32 of 2nd period - Stopped by Jake Allen with a rebound.
11:34 of 2nd period - Slapshot by Travis Sanheim.
11:34 of 2nd period - Stopped by Jake Allen with a rebound.
12:02 of 2nd period - Wrist shot by Mark Stone.
12:02 of 2nd period - Stopped by Sam Montembeault with a rebound.
12:04 of 2nd period - Slapshot by Calen Addison.
12:04 of 2nd period - Deflect By Mark Stone.
12:04 of 2nd period - Stopped by Sam Montembeault with a rebound.
12:06 of 2nd period - Slapshot by Mark Borowiecki.
12:06 of 2nd period - Shot Hit the Post.
12:08 of 2nd period - Wrist shot by Tyler Toffoli.
12:08 of 2nd period - Shot Misses the Net.
12:10 of 2nd period - Slapshot by Calen Addison.
12:10 of 2nd period - Shot Misses the Net.
12:47 of 2nd period - Brandon Montour is hit by Valeri Nichushkin and loses puck.
13:09 of 2nd period - Mark Stone is hit by Timo Meier.
14:36 of 2nd period - Minor Penalty to Eeli Tolvanen for Diving.
14:37 of 2nd period - J.T. Miller wins face-off versus Nick Suzuki in Winnipeg Jets zone.
15:13 of 2nd period - Slapshot by Joel Eriksson Ek.
15:13 of 2nd period - Stopped by Jake Allen with a rebound.
15:15 of 2nd period - Wrist shot by Zach Hyman.
15:15 of 2nd period - Stopped by Jake Allen without a rebound.
15:16 of 2nd period - J.T. Miller wins face-off versus Barclay Goodrow in Winnipeg Jets zone.
15:23 of 2nd period - Snap shot by Valeri Nichushkin.
15:23 of 2nd period - Shot Misses the Net.
15:41 of 2nd period - Mark Borowiecki is hit by Joel Eriksson Ek and loses puck.
16:36 of 2nd period - Penalty to Eeli Tolvanen is over, Eeli Tolvanen is back on ice.
16:41 of 2nd period - Calen Addison is hit by Oskar Lindblom.
16:47 of 2nd period - Wrist shot by Oskar Lindblom.
16:47 of 2nd period - Shot Misses the Net.
16:49 of 2nd period - Wrist shot by Nic Dowd.
16:49 of 2nd period - Shot Misses the Net.
17:09 of 2nd period - Snap shot by Ryan Nugent-Hopkins.
17:09 of 2nd period - Shot Blocked by Kris Russell.
17:11 of 2nd period - Slapshot by Ryan Nugent-Hopkins.
17:11 of 2nd period - Stopped by Sam Montembeault without a rebound.
17:12 of 2nd period - Connor McDavid wins face-off versus Sebastian Aho in Calgary Flames zone.
17:21 of 2nd period - Snap shot by Joe Pavelski.
17:21 of 2nd period - Deflect By Travis Sanheim.
17:21 of 2nd period - Stopped by Sam Montembeault with a rebound.
17:23 of 2nd period - Snap shot by Ryan Nugent-Hopkins.
17:23 of 2nd period - Deflect By Connor McDavid.
17:23 of 2nd period - Stopped by Sam Montembeault with a rebound.
17:25 of 2nd period - Snap shot by Joe Pavelski.
17:25 of 2nd period - Stopped by Sam Montembeault without a rebound.
17:26 of 2nd period - Connor McDavid wins face-off versus J.T. Miller in Calgary Flames zone.
17:29 of 2nd period - Snap shot by Connor McDavid.
17:29 of 2nd period - Stopped by Sam Montembeault with a rebound.
17:31 of 2nd period - Snap shot by Connor McDavid.
17:31 of 2nd period - Shot Blocked by Max Pacioretty.
17:33 of 2nd period - Wrist shot by Ryan Nugent-Hopkins.
17:33 of 2nd period - Shot Blocked by Travis Sanheim.
17:35 of 2nd period - Slapshot by Dante Fabbro.
17:35 of 2nd period - Shot Misses the Net.
17:37 of 2nd period - Slapshot by Dante Fabbro.
17:37 of 2nd period - Deflect By Joe Pavelski.
17:37 of 2nd period - Shot Misses the Net.
17:37 of 2nd period - Puck is out of play.
17:38 of 2nd period - J.T. Miller wins face-off versus Connor McDavid in Calgary Flames zone.
17:55 of 2nd period - Slapshot by Connor McDavid.
17:55 of 2nd period - Shot Blocked by J.T. Miller.
18:01 of 2nd period - Minor Penalty to Timo Meier for Interference.
18:02 of 2nd period - Logan Couture wins face-off versus Connor McDavid in Calgary Flames zone.
18:07 of 2nd period - Snap shot by Connor McDavid.
18:07 of 2nd period - Stopped by Sam Montembeault without a rebound.
18:08 of 2nd period - Logan Couture wins face-off versus Connor McDavid in Calgary Flames zone.
18:19 of 2nd period - Snap shot by John Klingberg.
18:19 of 2nd period - Stopped by Sam Montembeault without a rebound.
18:20 of 2nd period - Logan Couture wins face-off versus Ryan Nugent-Hopkins in Calgary Flames zone.
Goals for this period are 0 for Winnipeg Jets vs 0 for Calgary Flames.
Shots for this period are 9 for Winnipeg Jets vs 10 for Calgary Flames.
3rd period
0:01 of 3rd period - Penalty to Timo Meier is over, Timo Meier is back on ice.
0:01 of 3rd period - Logan Couture wins face-off versus Connor McDavid in neutral zone.
0:03 of 3rd period - Off-side.
0:04 of 3rd period - Logan Couture wins face-off versus Connor McDavid in neutral zone.
0:19 of 3rd period - Wrist shot by Connor McDavid.
0:19 of 3rd period - Shot Misses the Net.
0:21 of 3rd period - Slapshot by Dante Fabbro.
0:21 of 3rd period - Shot Blocked by Drew Doughty.
0:34 of 3rd period - Icing by Garnet Hathaway.
0:35 of 3rd period - Nick Suzuki wins face-off versus Nic Dowd in Calgary Flames zone.
0:36 of 3rd period - Wrist shot by Mark Stone.
0:36 of 3rd period - Shot Misses the Net.
1:05 of 3rd period - Minor Penalty to Nick Suzuki for Hooking.
1:06 of 3rd period - J.T. Miller wins face-off versus Barclay Goodrow in Winnipeg Jets zone.
1:12 of 3rd period - Snap shot by J.T. Miller.
1:12 of 3rd period - Stopped by Jake Allen without a rebound.
1:13 of 3rd period - Logan Couture wins face-off versus Barclay Goodrow in Winnipeg Jets zone.
1:14 of 3rd period - Wrist shot by J.T. Miller.
1:14 of 3rd period - Shot Blocked by Kevin Shattenkirk.
1:22 of 3rd period - Wrist shot by J.T. Miller.
1:22 of 3rd period - Stopped by Jake Allen with a rebound.
1:24 of 3rd period - Slapshot by J.T. Miller.
1:24 of 3rd period - Goal by J.T. Miller - Winnipeg Jets : 1 - Calgary Flames : 2.
1:25 of 3rd period - Connor McDavid wins face-off versus Sebastian Aho in neutral zone.
1:48 of 3rd period - Minor Penalty to Brandon Montour for Tripping.
1:49 of 3rd period - Nick Suzuki wins face-off versus J.T. Miller in Winnipeg Jets zone.
1:58 of 3rd period - Slapshot by Jeff Petry.
1:58 of 3rd period - Stopped by Jake Allen without a rebound.
1:59 of 3rd period - J.T. Miller wins face-off versus Barclay Goodrow in Winnipeg Jets zone.
2:14 of 3rd period - Wrist shot by J.T. Miller.
2:14 of 3rd period - Goal by J.T. Miller - Winnipeg Jets : 1 - Calgary Flames : 3.
2:15 of 3rd period - Sebastian Aho wins face-off versus Nick Suzuki in neutral zone.
2:24 of 3rd period - Snap shot by Sebastian Aho.
2:24 of 3rd period - Stopped by Jake Allen without a rebound.
2:25 of 3rd period - Nick Suzuki wins face-off versus Sebastian Aho in Winnipeg Jets zone.
2:36 of 3rd period - Wrist shot by Nick Suzuki.
2:36 of 3rd period - Shot Misses the Net.
3:03 of 3rd period - Wrist shot by Sebastian Aho.
3:03 of 3rd period - Stopped by Jake Allen without a rebound.
3:04 of 3rd period - J.T. Miller wins face-off versus Connor McDavid in Winnipeg Jets zone.
3:46 of 3rd period - Eeli Tolvanen is hit by Max Pacioretty and loses puck.
4:19 of 3rd period - Snap shot by Max Pacioretty.
4:19 of 3rd period - Shot Misses the Net.
4:21 of 3rd period - Slapshot by Timo Meier.
4:21 of 3rd period - Stopped by Jake Allen without a rebound.
4:22 of 3rd period - Sebastian Aho wins face-off versus Nick Suzuki in Winnipeg Jets zone.
4:37 of 3rd period - Snap shot by Tyler Toffoli.
4:37 of 3rd period - Shot Misses the Net.
4:39 of 3rd period - Snap shot by Nick Suzuki.
4:39 of 3rd period - Deflect By Mark Stone.
4:39 of 3rd period - Shot Misses the Net.
4:39 of 3rd period - Puck is out of play.
4:40 of 3rd period - Connor McDavid wins face-off versus Logan Couture in Calgary Flames zone.
5:15 of 3rd period - Wrist shot by Mathew Barzal.
5:15 of 3rd period - Deflect By Matty Beniers.
5:15 of 3rd period - Stopped by Sam Montembeault without a rebound.
5:16 of 3rd period - Nick Suzuki wins face-off versus Logan Couture in Calgary Flames zone.
5:27 of 3rd period - Snap shot by Ryan Ellis.
5:27 of 3rd period - Shot Blocked by Brandon Montour.
5:29 of 3rd period - Wrist shot by Joel Eriksson Ek.
5:29 of 3rd period - Goal by Joel Eriksson Ek - Winnipeg Jets : 1 - Calgary Flames : 4.
5:30 of 3rd period - Connor McDavid wins face-off versus J.T. Miller in neutral zone.
5:47 of 3rd period - Slapshot by Timo Meier.
5:47 of 3rd period - Shot Blocked by Brandon Montour.
6:20 of 3rd period - Slapshot by Tyler Toffoli.
6:20 of 3rd period - Shot Blocked by Ryan McDonagh.
6:22 of 3rd period - Backhand shot by Kevin Shattenkirk.
6:22 of 3rd period - Stopped by Sam Montembeault with a rebound.
6:24 of 3rd period - Slapshot by Brandon Montour.
6:24 of 3rd period - Deflect By Logan Couture.
6:24 of 3rd period - Stopped by Sam Montembeault without a rebound.
6:25 of 3rd period - Timo Meier wins face-off versus Nick Suzuki in Calgary Flames zone.
6:32 of 3rd period - Wrist shot by Tyler Toffoli.
6:32 of 3rd period - Shot Misses the Net.
6:48 of 3rd period - Jeff Petry is hit by Mark Borowiecki and loses puck.
7:11 of 3rd period - Slapshot by Tyler Toffoli.
7:11 of 3rd period - Shot Misses the Net.
7:17 of 3rd period - Slapshot by Tyler Toffoli.
7:17 of 3rd period - Shot Misses the Net.
7:21 of 3rd period - Snap shot by Tyler Toffoli.
7:21 of 3rd period - Stopped by Sam Montembeault without a rebound.
7:22 of 3rd period - Sebastian Aho wins face-off versus Connor McDavid in Calgary Flames zone.
7:22 of 3rd period - Sebastian Aho is hit by Joe Pavelski.
7:32 of 3rd period - Wrist shot by Connor McDavid.
7:32 of 3rd period - Stopped by Sam Montembeault without a rebound.
7:33 of 3rd period - Sebastian Aho wins face-off versus Connor McDavid in Calgary Flames zone.
8:34 of 3rd period - Minor Penalty to Kevin Shattenkirk for Interference.
8:35 of 3rd period - Nick Suzuki wins face-off versus Joel Eriksson Ek in Winnipeg Jets zone.
9:45 of 3rd period - Calen Addison is hit by Drew Doughty.
10:34 of 3rd period - Penalty to Kevin Shattenkirk is over, Kevin Shattenkirk is back on ice.
10:44 of 3rd period - Wrist shot by Connor McDavid.
10:44 of 3rd period - Deflect By Joe Pavelski.
10:44 of 3rd period - Shot Misses the Net.
10:44 of 3rd period - Puck is out of play.
10:45 of 3rd period - Connor McDavid wins face-off versus Garnet Hathaway in Calgary Flames zone.
10:46 of 3rd period - Snap shot by Ryan Nugent-Hopkins.
10:46 of 3rd period - Shot Blocked by Kris Russell.
11:50 of 3rd period - Max Pacioretty is hit by Nick Suzuki and loses puck.
13:20 of 3rd period - Ryan McDonagh is hit by Matty Beniers and loses puck.
13:45 of 3rd period - Travis Sanheim is hit by Mark Borowiecki and loses puck.
13:57 of 3rd period - Zach Hyman is hit by Eeli Tolvanen and loses puck.
14:09 of 3rd period - Icing by Sebastian Aho.
14:10 of 3rd period - Sebastian Aho wins face-off versus Connor McDavid in Calgary Flames zone.
14:10 of 3rd period - Sebastian Aho is hit by Connor McDavid.
15:07 of 3rd period - Backhand shot by Sebastian Aho.
15:07 of 3rd period - Shot Misses the Net.
15:09 of 3rd period - Slapshot by Drew Doughty.
15:09 of 3rd period - Deflect By Connor McDavid.
15:09 of 3rd period - Stopped by Jake Allen without a rebound.
15:10 of 3rd period - J.T. Miller wins face-off versus Matty Beniers in Winnipeg Jets zone.
15:25 of 3rd period - Travis Sanheim is hit by Mathew Barzal and loses puck.
16:09 of 3rd period - Wrist shot by Tyler Toffoli.
16:09 of 3rd period - Stopped by Sam Montembeault with a rebound.
16:21 of 3rd period - Backhand shot by Nick Suzuki.
16:21 of 3rd period - Shot Blocked by Kris Russell.
16:23 of 3rd period - Slapshot by Brandon Montour.
16:23 of 3rd period - Deflect By Garnet Hathaway.
16:23 of 3rd period - Stopped by Sam Montembeault without a rebound.
16:24 of 3rd period - Matty Beniers wins face-off versus J.T. Miller in Calgary Flames zone.
16:24 of 3rd period - Minor Penalty to Mark Borowiecki for Roughing.
16:25 of 3rd period - Barclay Goodrow wins face-off versus Joel Eriksson Ek in Winnipeg Jets zone.
16:45 of 3rd period - Jeff Petry is hit by Nick Suzuki and loses puck.
16:58 of 3rd period - Snap shot by Joel Eriksson Ek.
16:58 of 3rd period - Deflect By Timo Meier.
16:58 of 3rd period - Stopped by Jake Allen without a rebound.
16:59 of 3rd period - Barclay Goodrow wins face-off versus J.T. Miller in Winnipeg Jets zone.
16:59 of 3rd period - Barclay Goodrow is hit by Travis Sanheim.
17:25 of 3rd period - Kevin Shattenkirk is hit by Zach Hyman and loses puck.
18:24 of 3rd period - Penalty to Mark Borowiecki is over, Mark Borowiecki is back on ice.
18:45 of 3rd period - Mark Stone is hit by Ryan Ellis and loses puck.
19:38 of 3rd period - Wrist shot by Connor McDavid.
19:38 of 3rd period - Stopped by Sam Montembeault with a rebound.
19:40 of 3rd period - Slapshot by Dante Fabbro.
19:40 of 3rd period - Shot Misses the Net.
19:56 of 3rd period - Snap shot by Andrew Cogliano.
19:56 of 3rd period - Deflect By Barclay Goodrow.
19:56 of 3rd period - Shot Misses the Net.
19:56 of 3rd period - Puck is out of play.
19:57 of 3rd period - Sebastian Aho wins face-off versus Matty Beniers in Calgary Flames zone.
Goals for this period are 0 for Winnipeg Jets vs 3 for Calgary Flames.
Shots for this period are 8 for Winnipeg Jets vs 11 for Calgary Flames.
Back to the Top